 Dungeon Crawl Stone Soup version 0.30.1 (webtiles) character file.

Game seed: 7892068183255606017

203 plant00 the Trooper (level 5, 0/47 HPs)
             Began as a Draconian Chaos Knight on July 1, 2023.
             Was a Plaything of Xom.
             Slain by a hound (3 damage)
             ... on level 4 of the Dungeon.
             The game lasted 00:14:47 (1490 turns).

plant00 the Trooper (Draconian Chaos Knight)        Turns: 1490, Time: 00:14:48

Health: 0/47       AC:  5    Str: 16    XL:     5   Next: 51%
Magic:  5/5        EV: 12    Int: 13    God:    Xom [..*...]
Gold:   46         SH:  5    Dex: 10    Spells: 4/4 levels left

rFire   . . .        a - +0 mace (chaos)
rCold   . . .        (no shield)
rNeg    . . .        (body armour unavailable)
rPois   .            (helmet restricted)
rElec   .            (no cloak)
rCorr   .            (no gloves)
SInv    .            (no boots)
Will    +....        u - amulet of reflection
Stlth   +            h - ring of willpower
HPRegen 0.27/turn    (no ring)
MPRegen 0.09/turn

%: reflection
@: no status effects
A: AC +5, unfitting armour, cold-blooded
a: Renounce Religion


You were on level 4 of the Dungeon.
You worshipped Xom.
You were a toy of Xom.
You visited 1 branch of the dungeon, and saw 4 of its levels.

You collected 46 gold pieces.

Inventory:

Hand Weapons
 a - a +0 mace of chaos (weapon)
 f - a +0 club
 g - a +0 short sword
 n - the +3 hand axe of Aceemoem {holy, rF+ SInv Stlth+}
   (You found it on level 2 of the Dungeon)

   rF:        It protects you from fire.
   SInv:      It lets you see invisible.
   Stlth:     It makes you more stealthy.
 o - a +0 dagger
 p - a +0 falchion
 s - a +3 whip
 v - a +0 whip
Missiles
 c - 28 stones (quivered)
 d - 2 atropa-tipped darts
 e - 4 boomerangs
 x - 2 javelins
Armour
 i - a +0 robe
 m - a +0 robe
 t - a +0 ring mail
Jewellery
 h - a ring of willpower (left hand)
 u - an amulet of reflection (around neck)
Scrolls
 l - 2 scrolls of blinking {unknown}
 w - 2 scrolls of fog
 y - a scroll of butterflies {unknown}
Potions
 j - a potion of haste {unknown}
 q - a potion of lignification
 z - a potion of attraction {unknown}
Miscellaneous
 b - a piece from Xom's chessboard (15/15)


   Skills:
 + Level 4.5 Fighting
 + Level 4.4 Maces & Flails
 + Level 0.1 Throwing
 + Level 3.3 Dodging
 + Level 0.4 Stealth
 + Level 0.7 Shields


You had 4 spell levels left.
You didn't know any spells.
Your spell library contained the following spells:

 Spells                   Type           Power      Damage    Failure   Level
 Necrotise                Necr           0%         1d4       30%         1
 Vampiric Draining        Necr           0%         2d6       67%         3
 Agony                    Necr           0%         N/A       100%        5


Dungeon Overview and Level Annotations

Branches:
Dungeon (4/15)
 Temple: D:4-7

Altars:

Shops:
D:1 [


Innate Abilities, Weirdness & Mutations

Your plain brown scales are hard. (AC +5)
You cannot fit into any form of body armour.
You are cold-blooded and may be slowed by cold attacks.


Message History

Something barely misses you. Something bites you.
* * * LOW HITPOINT WARNING * * *
As you read the scroll of identify, it crumbles to dust.
k - 2 potions of curing Something bites you but does no damage.
You feel better. Something bites you but does no damage. Something bites you.
Throw: 29 stones
Press: ? - help, Q - select action, (/) - cycle Shift-Dir - straight line You throw a stone.
Something bites you. You block something's attack.
Something bites you but does no damage.
You hit something.
Nothing appears to happen.
Something bites you but does no damage. Something barely misses you.
You closely miss something.
Your tail-slap misses something.
Something bites you but does no damage.
You closely miss something.
Your tail-slap misses something.
Something bites you.
* * * LOW HITPOINT WARNING * * *
Something bites you but does no damage.
You closely miss something. Something bites you.
* * * LOW HITPOINT WARNING * * *
Something bites you but does no damage.
You feel better. Something bites you.
* * * LOW HITPOINT WARNING * * *
Something bites you but does no damage. Something bites you.
* * * LOW HITPOINT WARNING * * *
Something bites you.
* * * LOW HITPOINT WARNING * * *
You block something's attack.
You see here a book of Burglary.
You block something's attack. Something bites you but does no damage.
Something bites you.
* * * LOW HITPOINT WARNING * * *
Something bites you.
* * * LOW HITPOINT WARNING * * *
Something bites you but does no damage.
As you read the scroll labelled WUFOULL LAAM, it crumbles to dust.
The scroll dissolves into smoke.
It was a scroll of fog.
Something bites you.
You die... "I guess I need a new plaything now."

........##..............
#......###...#....#.....
.......# #..##....##...#
.....####...#......#!...
.##.# #...##..##..##
.### ##..#..####..#
######.#...#.. ##..#
...........##.§##{§##
............#.§§@§.#
......... ##.§§§##
.....#### #§§§§# ....##
....... ......
....#####. ....### ....#
.. #..## .... #. ...#
... .#


There were no monsters in sight!

Vanquished Creatures
  A scorpion (D:3)
  A hound (D:4)
  5 adders
  An adder zombie (D:2)
  A worm (D:3)
  3 dart slugs
  2 orcs
  A bat zombie (D:2)
  7 endoplasms
  2 giant cockroaches
  5 goblins
  6 hobgoblins
  3 jackals
  6 kobolds
  3 quokkas
  3 ball pythons
  2 bats
  3 rats
55 creatures vanquished.

Notes
Turn   | Place    | Note
-------+----------+-------------------------------------------
     0 | D:1      | plant00 the Draconian Chaos Knight began the quest for the
                  | Orb.
     0 | D:1      | Reached XP level 1. HP: 19/19 MP: 1/1
     8 | D:1      | XOM: divination: detect items
    35 | D:1      | Found Mudolune's Armour Boutique.
   111 | D:1      | Reached XP level 2. HP: 23/26 MP: 2/2
   298 | D:2      | XOM: potion effect (might)
   306 | D:2      | Reached XP level 3. HP: 13/33 MP: 3/3
   309 | D:2      | Xom revived you
   536 | D:2      | Identified the +3 hand axe of Aceemoem {holy, rF+ SInv
                  | Stlth+}
   659 | D:3      | Reached XP level 4. HP: 11/40 MP: 4/4
  1064 | D:4      | XOM: stealth player
  1071 | D:4      | Noticed a scorpion
  1085 | D:3      | Killed a scorpion
  1086 | D:3      | Reached XP level 5. HP: 5/47 MP: 5/5
  1419 | D:4      | XOM: noise
  1453 | D:4      | XOM: enchant monster (bad)
  1489 | D:4      | HP: 2/47 [something (3)]
  1490 | D:4      | Slain by a hound

Illustrated notes

Levels and vault maps discovered:
D:1:      sevenhm_arrival_forest_fort_small_6, layout_basic, serial_shops,
          nicolae_shop_crystal, minivault_26, st_stairs_14,
          hangedman_feature_mirror
D:2:      layout_rooms, serial_undead, serial_undead_b, serial_undead_b,
          serial_undead_e, serial_undead_d
D:3:      layout_rooms, ebering_ghost_sewer_f, minmay_door_square,
          kennysheep_generic_room_13
D:4:      layout_cave_pools, minmay_misc_feat_iff

Skill      XL: |  1  2  3  4 |
---------------+-------------+-----
Fighting       | 4 |  4.5
Maces & Flails | 4 |  4.4
Dodging        | 3 |  3.3
Throwing       | |  0.1
Stealth        | |  0.4
Shields        | |  0.7

Action                     |  1- 3 |  4- 6 || total
---------------------------+-------+-------++-------
  Melee: Mace              |   155 |    86 ||   241
         Tailslap          |    15 |     6 ||    21
         Punch             |     3 |     1 ||     4
  Throw: Boomerang         |     1 |       ||     1
         Dart              |       |     2 ||     2
         Stone             |       |     2 ||     2
    Use: Potion            |     1 |     2 ||     3
         Scroll            |       |     5 ||     5
 Armour: Skin              |    63 |    56 ||   119
  Dodge: Dodged            |   160 |    92 ||   252
  Block: Other             |       |    38 ||    38
